 Dungeon Crawl Stone Soup version 0.21.1-1-g345015f (webtiles) character file.

39 Mirai the Sneak (level 3, -2/19 HPs)
             Began as a Kobold Enchanter on Apr 26, 2018.
             Slain by a gnoll (7 damage)
             ... on level 1 of the Dungeon.
             The game lasted 00:03:22 (1125 turns).

Mirai the Sneak (Kobold Enchanter)                  Turns: 1125, Time: 00:03:23

Health: -2/19      AC:  5    Str:  6    XL:     3   Next: 70%
Magic:  0/6        EV: 16    Int: 16    God:
Gold:   73         SH:  0    Dex: 15    Spells: 1/7 levels left

rFire    . . .     SeeInvis .   a - +1 dagger
rCold    . . .     Gourm    .   (shield restricted)
rNeg     . . .     Faith    .   b - +0 robe
rPois    .         Spirit   .   (no helmet)
rElec    .         Reflect  .   (no cloak)
rCorr    .         Harm     .   f - +2 pair of gloves
MR       .....                  (no boots)
Stlth    +++.......             (no amulet)
HPRegen  0.06/turn              (no ring)
MPRegen  0.10/turn              (no ring)

@: no status effects
A: small, carnivore
a: no special abilities


You were on level 1 of the Dungeon.
You were very full.

You visited 1 branch of the dungeon, and saw 2 of its levels.

You collected 73 gold pieces.

Inventory:

Hand Weapons
 a - a +1 dagger (weapon)
Armour
 b - a +0 robe (worn)
 f - a +2 pair of gloves (worn)
Jewellery
 e - an uncursed amulet of magic regeneration {unknown}
Scrolls
 g - a scroll of fog {unknown}
 h - 2 scrolls of teleportation {unknown}
 i - a scroll of remove curse {unknown}
 k - a scroll of amnesia {unknown}
 l - a scroll of enchant weapon {unknown}
Books
 c - a book of Maledictions

   Spells                             Type                      Level
   a - Corona                         Hexes                        1
   b - Ensorcelled Hibernation        Hexes/Ice                    2
   c - Confuse                        Hexes                        3
   d - Tukima's Dance                 Hexes                        3
   e - Dazzling Spray                 Conjuration/Hexes            3
Comestibles
 d - 2 rations


   Skills:
 + Level 2.2 Short Blades
 + Level 3.0 Dodging
 + Level 4.5 Stealth
 + Level 2.6 Spellcasting
 + Level 3.3 Hexes


You had one spell level left.
You knew the following spells:

 Your Spells              Type           Power        Failure   Level  Hunger
a - Corona                Hex            ##.....      4%          1    #......
b - Ensorcelled Hibernat  Hex/Ice        #.....       16%         2    ##.....
c - Tukima's Dance        Hex            ##......     16%         3    ###....


Dungeon Overview and Level Annotations

Branches:
Dungeon (2/15)

Altars:

Annotations:
D:2 Jessica


Innate Abilities, Weirdness & Mutations

You are small and have problems with some larger weapons.
You are carnivorous and can eat meat at any time.


Message History

Aiming: Ensorcelled Hibernation
Press: ? - help, Shift-Dir - straight line, f/p - gnoll
Aim: a gnoll (chance to defeat MR: 48%)
The gnoll resists with some effort.
The gnoll misses you.
You hit the gnoll but do no damage. The gnoll closely misses you.
You hit the gnoll.
The gnoll is lightly wounded.
The gnoll closely misses you.
You hit the gnoll but do no damage.
The gnoll is lightly wounded.
You barely miss the gnoll.
The gnoll is lightly wounded.
The gnoll barely misses you.
You hit the gnoll.
The gnoll is moderately wounded.
The gnoll barely misses you.
You hit the gnoll.
The gnoll is moderately wounded.
The gnoll hits you!
You die...

#.# #.........(.#............###
#.# #....(......#............##p
#.# #...........#............###
#.# #.........>...............#a
#.# #.........................##
#.# #............)............#N
#.# ###...######.####.........##
#.# #..........#............#f
#.# #.......g@..............##
##.#####....######.............#g
.................#.............##
##..##....#.#....#.............#O
##.......#.#.####.............##
###.....#......#......)......#M
##....#......#.##..........##
#......##.#...#..#......#.#i
#....####...#...##......#.##


You could see a gnoll.

Vanquished Creatures
  2 gnolls (D:2)
  A worm (D:2)
  A leopard gecko (D:1)
  A giant cockroach (D:1)
  2 goblins (D:1)
  4 hobgoblins (D:1)
  3 bats (D:1)
  2 frilled lizards (D:1)
  4 kobolds (D:1)
  3 rats (D:1)
23 creatures vanquished.

Vanquished Creatures (others)
  2 dancing weapons (D:2)
2 creatures vanquished.

Grand Total: 25 creatures vanquished

Notes
Turn   | Place    | Note
-------+----------+-------------------------------------------
     0 | D:1      | Mirai the Kobold Enchanter began the quest for the Orb.
     0 | D:1      | Reached XP level 1. HP: 10/10 MP: 3/3
     2 | D:1      | Noticed a ghoul
     2 | D:1      | Noticed a vampire
     4 | D:1      | Noticed a minotaur
     6 | D:1      | Noticed an octopode
     6 | D:1      | Noticed an elf
     8 | D:1      | Noticed a gargoyle
     8 | D:1      | Noticed a troll
    11 | D:1      | Noticed a demigod
    11 | D:1      | Noticed a demonspawn
    13 | D:1      | Noticed a formicid
    13 | D:1      | Noticed a felid
    15 | D:1      | Noticed a naga
    15 | D:1      | Noticed a tengu
    17 | D:1      | Noticed a vine stalker
    17 | D:1      | Noticed a halfling
    19 | D:1      | Noticed a dwarf
    19 | D:1      | Noticed a draconian
    21 | D:1      | Noticed an ogre
    21 | D:1      | Noticed a human
    23 | D:1      | Noticed a merfolk
    25 | D:1      | Noticed a spriggan
    27 | D:1      | Noticed a centaur
   179 | D:1      | Reached XP level 2. HP: 6/15 MP: 5/5
   397 | D:1      | Learned a level 2 spell: Ensorcelled Hibernation
   812 | D:1      | Reached XP level 3. HP: 18/19 MP: 6/6
  1007 | D:2      | Noticed Jessica
  1015 | D:2      | Learned a level 3 spell: Tukima's Dance
  1125 | D:1      | Slain by a gnoll

Skill      XL: |  1  2  3 |
---------------+----------+-----
Short Blades   | 2 |  2.2
Dodging        | 3 |  3.0
Stealth        | |  4.5
Spellcasting   | |  2.6
Hexes          | |  3.3

Action                   || total
-------------------------++-------
Melee: Dagger            ||   124
 Cast: Ensorcelled Hiber ||     5
       Tukima's Dance    ||     2
 Stab: Sleeping          ||     2
  Eat: Chunk             ||     9
Armor: Robe              ||    30
Dodge: Dodged            ||   122
